 Dungeon Crawl Stone Soup version 0.28-b1-1-g3c77fb2ed1 (webtiles) character file.

Game seed: 13469395704759227905

9466 pkoi the Warrior (level 11, -6/112 HPs)
             Began as a Minotaur Fighter on Jan 28, 2022.
             Was a Follower of the Shining One.
             Mangled by a slime creature (15 damage)
             ... on level 12 of the Dungeon.
             The game lasted 00:11:20 (12348 turns).

pkoi the Warrior (Minotaur Fighter)                Turns: 12348, Time: 00:11:21

Health: -6/112     AC: 12    Str: 32    XL:     11   Next: 23%
Magic:  8/10       EV: 12    Int:  5    God:    the Shining One [*.....]
Gold:   419        SH: 15    Dex: 11    Spells: 10/10 levels left

rFire   . . .      SeeInvis +   f - +2 whip (elec)
rCold   . . .      Faith    .   c - +0 buckler
rNeg    . . .      Spirit   .   b - +0 scale mail
rPois   .          Reflect  +   (helmet restricted)
rElec   .          Harm     .   n - +0 cloak
rCorr   .          Rampage  .   (no gloves)
Will    +....                   q - +1 pair of boots
Stlth   ..........              o - amulet of reflection
HPRegen 0.28/turn               p - ring of willpower
MPRegen 0.12/turn               w - +6 ring of strength

@: mighty, divinely shielded, glowing
A: horns 2, retaliatory headbutt, see invisible, strong 1
a: Renounce Religion, Divine Shield


You were on level 12 of the Dungeon.
You worshipped the Shining One.
The Shining One was aware of your devotion.
You visited 2 branches of the dungeon, and saw 11 of its levels.

You collected 419 gold pieces.

Inventory:

Hand Weapons
 a - a +0 long sword
 f - a +2 whip of electrocution (weapon)
 i - a +1 short sword of venom
 C - a +3 dagger of venom
Missiles
 r - 4 boomerangs
 u - 3 throwing nets
Armour
 b - a +0 scale mail (worn)
 c - a +0 buckler (worn)
 n - a +0 cloak (worn)
 q - a +1 pair of boots (worn)
Jewellery
 l - a ring of fire
 o - an amulet of reflection (around neck)
 p - a ring of willpower (left hand)
 w - a +6 ring of strength (right hand)
 A - a +4 ring of protection
 B - a ring of poison resistance
Wands
 s - a wand of flame (7) (quivered)
 v - a wand of paralysis (5)
 x - a wand of iceblast (12)
Scrolls
 e - 6 scrolls of teleportation
 g - 6 scrolls of identify
 h - a scroll of magic mapping
 j - a scroll of immolation {unknown}
 y - a scroll of blinking {unknown}
Potions
 d - a potion of might
 k - a potion of magic
 m - 3 potions of curing
 t - 2 potions of resistance
 z - a potion of berserk rage {unknown}


   Skills:
 + Level 15.0 Fighting
 - Level 3.1 Long Blades
 + Level 10.6 Maces & Flails
 - Level 9.1 Armour
 + Level 6.1 Dodging
 - Level 4.0 Shields
 + Level 7.4 Evocations


You had 10 spell levels left.
You didn't know any spells.
Your spell library contained the following spells:

 Spells                   Type           Power      Damage    Failure   Level
 Beastly Appendage        Tmut           0%         N/A       77%         1
 Pain                     Necr           0%         1d4       77%         1
 Wereblood                Tmut           0%         N/A       88%         2
 Call Canine Familiar     Summ           0%         N/A       98%         3
 Portal Projectile        Hex/Tloc       0%         N/A       98%         3
 Spider Form              Tmut/Pois      0%         N/A       98%         3
 Tukima's Dance           Hex            0%         N/A       98%         3
 Anguish                  Hex/Necr       0%         N/A       100%        4
 Leda's Liquefaction      Hex/Erth       0%         N/A       100%        4
 Agony                    Necr           0%         N/A       100%        5
 Excruciating Wounds      Necr           0%         N/A       100%        5
 Enfeeble                 Hex            0%         N/A       100%        7


Dungeon Overview and Level Annotations

Branches:
Dungeon (9/15)             Temple (1/1) D:6             Orc (0/2) D:9
   Lair: D:8-11

Altars:
Ashenzari
Cheibriados
Dithmenos
Elyvilon
Gozag
Hepliaklqana
Kikubaaqudgha
Makhleb
Nemelex Xobeh
Okawaru
Qazlal
Ru
Sif Muna
Trog
Uskayaw
Vehumet
Wu Jian
Xom
Yredelemnul
Zin
The Shining One

Shops:
D:3 *   D:7 *

Annotations:
D:8 1 runed translucent door, FuzzyBison's ghost, novice HOFi


Innate Abilities, Weirdness & Mutations

You have a pair of horns on your head.
You reflexively headbutt those who attack you in melee.
You have supernaturally acute eyesight. (SInv)
Your muscles are strong. (Str +2)


Message History

Unknown command.
You whack the very large slime creature!
Lightning courses through the very large slime creature!
You headbutt the very large slime creature.
You kill the very large slime creature!
The slime creature hits you!
The slime creature hits you but does no damage. x2
You have finished your manual of Fighting and toss it away.
You whack the slime creature! You headbutt the slime creature!
The slime creature is moderately wounded.
You block the slime creature's attack.
You whack the two-headed ogre!
The two-headed ogre is moderately wounded.
You block the slime creature's attack. The slime creature hits you.
You whack the two-headed ogre!
Lightning courses through the two-headed ogre!
The two-headed ogre is almost dead.
The two-headed ogre hits you with a +0 giant club.
The two-headed ogre closely misses you. You block the slime creature's attack.
The slime creature hits you but does no damage. x2
You whack the two-headed ogre!
You kill the two-headed ogre!
The slime creature closely misses you.
Your Fighting skill increases to level 15!
Your Dodging skill increases to level 6!
You whack the slime creature! You headbutt the slime creature!!
The slime creature is almost dead.
The slime creature hits you!
* * * LOW HITPOINT WARNING * * *
The slime creature hits you!
* * * LOW HITPOINT WARNING * * *
You thrash the slime creature!!
Lightning courses through the slime creature!
You kill the slime creature!
You whack the slime creature!
The slime creature is lightly wounded.
The slime creature hits you.
* * * LOW HITPOINT WARNING * * *
The slime creature hits you!
You die...

#.#..... .####.......
...#....$.. ..........# ##
..........# ..#
..........#...#
......).<....#. #
#..J@....... #.
###.J........ #.
###.....................
#..#>..................#...
#........#.............##..
#....)##.#..............#..
######.................#...
##....................
##.......##............


You could see 2 slime creatures.

Vanquished Creatures
  2 two-headed ogres
  Pikel (D:6)
  4 slime creatures (D:12)
  A manticore (D:12)
  Joseph (D:9)
  A kobold demonologist (D:12)
  A queen bee (shapeshifter) (D:12)
  7 yaks
  8 orc warriors
  A black bear (D:5)
  5 sky beasts
  2 necrophages
  6 ogres
  A centaur (D:9)
  A lemure (D:6)
  A kobold brigand (D:6)
  4 bullfrogs
  2 wyvern zombies
  2 scorpions
  6 killer bees (D:9)
  3 wights (D:9)
  2 centaur zombies (D:9)
  4 jellies
  2 bullfrog zombies (D:5)
  A gnoll shaman (D:5)
  A bullfrog skeleton (D:4)
  11 orc priests
  3 hounds
  5 iguanas
  12 orc wizards
  A killer bee zombie (D:6)
  7 gnolls
  7 adders
  A shadow imp (D:7)
  A white imp (D:5)
  An ufetubus (D:5)
  An adder skeleton (D:2)
  2 dart slugs
  37 orcs
  5 ball pythons
  6 bats
  3 endoplasms
  3 giant cockroaches
  7 goblins
  6 hobgoblins
  9 jackals
  13 kobolds
  7 quokkas
  5 frilled lizards
  6 rats
229 creatures vanquished.

Notes
Turn   | Place    | Note
-------+----------+-------------------------------------------
     0 | D:1      | pkoi the Minotaur Fighter began the quest for the Orb.
     0 | D:1      | Reached XP level 1. HP: 19/19 MP: 0/0
   368 | D:1      | Reached XP level 2. HP: 27/27 MP: 1/1
   702 | D:1      | Reached skill level 4 in Fighting
   729 | D:1      | Reached skill level 1 in Maces & Flails
  1000 | D:2      | Reached XP level 3. HP: 33/33 MP: 2/2
  1786 | D:3      | Reached XP level 4. HP: 40/41 MP: 3/3
  1969 | D:3      | Found a faded altar of an unknown god.
  2120 | D:3      | Reached skill level 5 in Fighting
  2428 | D:3      | Reached XP level 5. HP: 48/48 MP: 4/4
  2454 | D:3      | Found Videro Ada's General Store.
  2838 | D:4      | Reached skill level 5 in Armour
  2860 | D:4      | Reached skill level 6 in Fighting
  2867 | D:4      | Found a radiant altar of Vehumet.
  3004 | D:4      | Reached XP level 6. HP: 33/58 MP: 5/5
  3164 | D:4      | Reached skill level 7 in Fighting
  3811 | D:4      | Reached skill level 1 in Evocations
  3811 | D:4      | Reached XP level 7. HP: 66/66 MP: 6/6
  4087 | D:5      | Entered Level 5 of the Dungeon
  4111 | D:5      | Reached skill level 8 in Fighting
  4111 | D:5      | Reached skill level 5 in Maces & Flails
  4831 | D:5      | Reached skill level 9 in Fighting
  4831 | D:5      | Reached XP level 8. HP: 60/78 MP: 7/7
  5691 | D:5      | Reached skill level 10 in Fighting
  6007 | D:5      | Found a glowing golden altar of the Shining One.
  6007 | D:5      | Found an ornate altar of the Wu Jian Council.
  6010 | D:5      | Found a hide-covered altar of Uskayaw.
  6222 | D:5      | Reached XP level 9. HP: 84/86 MP: 8/8
  6620 | D:5      | Became a worshipper of the Shining One
  6923 | D:6      | Noticed Pikel
  6939 | D:6      | Killed Pikel
  6940 | D:6      | Reached skill level 11 in Fighting
  6988 | D:6      | Found a stormy altar of Qazlal.
  7079 | D:6      | Found a staircase to the Ecumenical Temple.
  7128 | Temple   | Entered the Ecumenical Temple
  7588 | D:6      | Gained mutation: You have supernaturally acute eyesight.
                  | (SInv) [potion of mutation]
  7588 | D:6      | Gained mutation: Your muscles are strong. (Str +2) [potion
                  | of mutation]
  8292 | D:6      | Reached skill level 5 in Evocations
  8718 | D:7      | Found Gozag's Platinum Reserve.
  8723 | D:7      | Found an opulent altar of Gozag.
  8758 | D:7      | Reached skill level 12 in Fighting
  9208 | D:7      | Reached skill level 1 in Dodging
  9524 | D:8      | Noticed a two-headed ogre
  9533 | D:8      | Killed a two-headed ogre
  9534 | D:8      | Reached XP level 10. HP: 57/100 MP: 9/9
  9786 | D:8      | Found a runed translucent door.
  9786 | D:8      | Noticed FuzzyBison's ghost (novice HOFi)
 10396 | D:8      | Found a burning altar of Makhleb.
 10539 | D:9      | Reached * piety under the Shining One
 10547 | D:9      | Reached skill level 13 in Fighting
 10598 | D:9      | Noticed Joseph
 10616 | D:9      | Killed Joseph
 10789 | D:9      | Found a staircase to the Orcish Mines.
 11304 | D:9      | Reached skill level 14 in Fighting
 11616 | D:9      | Reached skill level 5 in Dodging
 11619 | D:9      | Reached skill level 10 in Maces & Flails
 11704 | D:9      | Found a broken altar of Ashenzari.
 11710 | D:9      | You fall into a shaft and drop 3 floors!
 12047 | D:12     | Noticed a manticore
 12062 | D:12     | Killed a manticore
 12238 | D:12     | Reached XP level 11. HP: 98/111 MP: 10/10
 12334 | D:12     | Noticed a two-headed ogre
 12345 | D:12     | Killed a two-headed ogre
 12346 | D:12     | Reached skill level 15 in Fighting
 12348 | D:12     | Mangled by a slime creature

Illustrated notes

Levels and vault maps discovered:
D:1:      minmay_arrival_semitransparent, layout_loops_ring, lemuel_old_faithful
D:2:      layout_loops_ring
D:3:      layout_loops_corners, serial_shops, shop,
          dreamdust_ecumenical_altar_grove
D:4:      layout_cave_pods, vehumet_altar_wand_db
D:5:      layout_layer_cave, gammafunk_temple_overflow_claw,
          corexii_corridor_pit, minmay_fractal_squares_diagonal_5
D:6:      layout_gridville, grunt_qazlal_clouds, minmay_temple_entry_mist,
          hex_tiny, uniq_pikel
D:7:      layout_loops_ring, nicolae_gozag_zags_fifth_avenue
D:8:      layout_gridville, overflow_temple_1_default, gammafunk_ghost_grave
D:9:      layout_roguey, cheibrodos_ashenzari_chains, david_orc_3, uniq_joseph
D:12:     layout_cave_pools, lightli_minifort
Temple:   dshaligram_water_room_temple

Skill      XL: |  1  2  3  4  5  6  7  8  9 10 11 |
---------------+----------------------------------+-----
Fighting       | 4 5 6 7 9 10 12 14 15 | 15.0
Armour         | 4 5 6 7 8 9 |  9.1
Maces & Flails | 1 2 3 4 5 7 8 10 | 10.6
Shields        | 4 |  4.0
Evocations     | 1 2 4 5 7 |  7.4
Long Blades    | 3 |  3.1
Dodging        | 2 5 6 |  6.1

Action                   |  1- 3 |  4- 6 |  7- 9 | 10-12 || total
-------------------------+-------+-------+-------+-------++-------
Melee: Long sword        |     7 |       |       |       ||     7
       Whip              |    96 |   107 |   273 |   193 ||   669
       Headbutt          |     5 |    10 |    54 |    57 ||   126
       Short sword       |       |       |    25 |       ||    25
Throw: Boomerang         |       |     4 |       |       ||     4
Invok: Divine Shield     |       |       |       |     4 ||     4
Evoke: Wand              |       |       |     4 |       ||     4
  Use: Scroll            |       |       |    11 |       ||    11
       Potion            |       |       |     2 |     1 ||     3
Armor: Scale mail        |    48 |    51 |    83 |    38 ||   220
Dodge: Dodged            |    38 |    43 |    81 |    49 ||   211
Block: Buckler           |    21 |    30 |    50 |    65 ||   166
       Reflection        |       |       |       |     4 ||     4
